 Dungeon Crawl Stone Soup version 0.28.0-45-g0d030f2227 (webtiles) character file.

Game seed: 2849179579006010165

139375 McKennaii the Devastator (level 16, -2/111 HPs)
             Began as a Demonspawn Conjurer on Apr 14, 2022.
             Was a High Priest of Vehumet.
             Slain by a thorn hunter (9 damage)
             ... on level 3 of the Swamp.
             The game lasted 01:10:11 (43842 turns).

McKennaii the Devastator (Demonspawn Conjurer)     Turns: 43842, Time: 01:10:11

Health: -2/111     AC: 17    Str:  9    XL:     16   Next: 73%
Magic:  36/36      EV: 13    Int: 26    God:    Vehumet [*****.]
Gold:   1803       SH:  0    Dex: 12    Spells: 4/48 levels left

rFire   + + .      SeeInvis .   B - +3 Elemental Staff {rElec rF++ rC++ AC+5}
rCold   + + .      Faith    .   (no shield)
rNeg    + . .      Spirit   .   D - +2 robe {Will+}
rPois   .          Reflect  .   O - +0 hat {Will+}
rElec   +          Harm     .   t - +0 cloak
rCorr   .          Rampage  .   S - +1 pair of gloves {infuse}
Will    +++..                   R - +1 pair of boots
Stlth   +.........              V - amulet of magic regeneration
HPRegen 0.28/turn               l - ring of wizardry
MPRegen 0.65/turn               C - ring of positive energy

@: mighty, very slow
A: rugged brown scales 3, powered by pain 3, demonic magic 2, weakness stinger 1
a: Renounce Religion


You were on level 3 of the Swamp.
You worshipped Vehumet.
Vehumet was extremely pleased with you.
You visited 5 branches of the dungeon, and saw 27 of its levels.

You collected 3284 gold pieces.
You spent 1481 gold pieces at shops.

Inventory:

Hand Weapons
 i - the +9 spear "Forun" {venom, Int+7 Dex-4}
   (You found it on level 3 of the Dungeon)

   It poisons the flesh of those it strikes.
   Int:       It affects your intelligence (+7).
   Dex:       It affects your dexterity (-4).
 B - the +3 Elemental Staff (weapon) {rElec rF++ rC++ AC+5}
   (You took it off a deep elf pyromancer on level 8 of the Dungeon)

   If the wielder is skilled in Evocations, they can discharge powerful blasts
   of elemental energy when striking with it.
   It enhances your fire, ice, earth and air magic.
   AC:        It affects your AC (+5).
   rF:        It greatly protects you from fire.
   rC:        It greatly protects you from cold.
   rElec:     It insulates you from electricity.
Armour
 t - a +0 cloak (worn)
 u - a +2 buckler
 D - a +2 robe of willpower (worn)
 O - a +0 hat of willpower (worn)
 R - a +1 pair of boots (worn)
 S - a +1 pair of gloves of infusion (worn)
Jewellery
 l - a ring of wizardry (left hand)
 C - a ring of positive energy (right hand)
 E - a ring of poison resistance
 T - a ring of resist corrosion
 V - an amulet of magic regeneration (around neck)
 W - a ring of protection from cold
Wands
 a - a wand of polymorph (17)
 y - a wand of flame (57)
 A - a wand of iceblast (16)
 I - a wand of charming (11)
 J - a wand of paralysis (5)
 N - a wand of acid (3)
 P - a wand of mindburst (6)
Scrolls
 j - 2 scrolls of torment
 k - 3 scrolls of enchant weapon
 o - 2 scrolls of summoning
 q - 14 scrolls of teleportation
 r - 3 scrolls of fog
 s - 5 scrolls of identify
 v - 6 scrolls of amnesia
 w - 7 scrolls of immolation
 x - 4 scrolls of fear
 z - 3 scrolls of magic mapping
 F - 6 scrolls of enchant armour
 H - 2 scrolls of holy word
Potions
 b - 5 potions of mutation
 c - 4 potions of resistance
 d - 13 potions of curing
 e - 5 potions of invisibility
 f - 5 potions of heal wounds
 g - a potion of brilliance
 h - 5 potions of attraction
 m - 2 potions of berserk rage
 n - a potion of magic
 p - 4 potions of cancellation
 G - 6 potions of haste
 K - 3 potions of lignification
 M - 4 potions of ambrosia
 Q - 2 potions of flight
 U - a potion of might {unknown}


   Skills:
 - Level 3.0 Fighting
 - Level 3.0 Polearms
 + Level 4.7 Dodging
 - Level 1.7 Stealth
 - Level 0.1 Unarmed Combat
 * Level 16.7 Spellcasting
 + Level 18.6 Conjurations
 - Level 0.3 Translocations
 + Level 4.1 Ice Magic
 - Level 10.0 Air Magic
 - Level 10.0 Earth Magic


You had 4 spell levels left.
You knew the following spells:

 Your Spells              Type           Power      Damage    Failure   Level
a - Magic Dart            Conj           100%       1d8       0%          1
b - Searing Ray           Conj           100%       2d8       0%          2
c - Iskenderun's Mystic   Conj/Tloc      63%        2d13      1%          4
d - Airstrike             Air            42%        N/A       1%          4
e - Iron Shot             Conj/Erth      48%        9d9       1%          6
f - Flame Wave            Conj/Fire      81%        2d14      1%          4
g - Swiftness             Air            84%        N/A       1%          3
h - Ozocubu's Refrigerat  Ice            29%        4d10      34%         7
i - Stone Arrow           Conj/Erth      100%       3d13      0%          3
j - Freezing Cloud        Conj/Ice/Air   54%        6-21      1%          5
s - Lightning Bolt        Conj/Air       48%        1d69      1%          5

Your spell library contained the following spells:

 Spells                   Type           Power      Damage    Failure   Level
 Shock                    Conj/Air       100%       1d9       0%          1
 Corpse Rot               Necr/Air       100%       N/A       1%          2
 Poisonous Vapours        Pois/Air       100%       N/A       1%          2
 Sublimation of Blood     Necr           21%        N/A       1%          2
 Dazzling Flash           Conj/Hex       100%       N/A       1%          3
 Inner Flame              Hex/Fire       32%        N/A       1%          3
 Ozocubu's Armour         Ice            59%        N/A       1%          3
 Fulminant Prism          Conj/Hex       31%        3d16      1%          4
 Leda's Liquefaction      Hex/Erth       32%        N/A       1%          4
 Petrify                  Tmut/Erth      64%        N/A       1%          4
 Summon Lightning Spire   Summ/Air       64%        N/A       1%          4
 Call Canine Familiar     Summ           21%        N/A       2%          3
 Portal Projectile        Hex/Tloc       44%        N/A       2%          3
 Vampiric Draining        Necr           21%        2d7       2%          3
 Summon Ice Beast         Ice/Summ       48%        N/A       4%          4
 Anguish                  Hex/Necr       10%        N/A       9%          4
 Cause Fear               Hex            10%        N/A       9%          4
 Irradiate                Conj/Tmut      31%        3d23      1%          5
 Metabolic Englaciation   Hex/Ice        24%        N/A       12%         5
 Statue Form              Tmut/Erth      42%        N/A       17%         6
 Summon Forest            Summ/Tloc      11%        N/A       24%         5
 Maxwell's Capacitive Co  Air            42%        ∞         24%         8
 Blade Hands              Tmut           10%        N/A       26%         5
 Excruciating Wounds      Necr           10%        N/A       26%         5
 Summon Mana Viper        Hex/Summ       21%        N/A       26%         5
 Simulacrum               Ice/Necr       24%        N/A       50%         6
 Storm Form               Tmut/Air       32%        N/A       65%         7
 Summon Cactus Giant      Summ           10%        N/A       77%         6
 Monstrous Menagerie      Summ           10%        N/A       99%         7
 Discord                  Hex            10%        N/A       100%        8


Dungeon Overview and Level Annotations

Branches:
Dungeon (15/15)            Temple (1/1) D:4            Lair (6/6) D:10
  Swamp (3/4) Lair:3        Snake (0/4) Lair:3        Slime (0/5) Lair:6
    Orc (2/2) D:11            Elf (0/3) Orc:2        Vaults (0/5) D:13
 Depths (0/4) D:15

Altars:
Ashenzari
Cheibriados
Dithmenos
Elyvilon
Fedhas
Gozag
Hepliaklqana
Kikubaaqudgha
Makhleb
Nemelex Xobeh
Okawaru
Qazlal
Ru
Sif Muna
Trog
Uskayaw
Vehumet
Wu Jian
Xom
Yredelemnul
Zin
Beogh

Shops:
D:3 =   D:10 ?   Orc:2 [((!

Portals:
Trove: D:12 (give 13 potions of heal wounds)

Annotations:
D:3 1 runed translucent door


Innate Abilities, Weirdness & Mutations

You are completely covered in rugged brown scales. (AC +3, +7% HP)
You are powered by pain.
Spells you cast may paralyse nearby enemies.
You have a small tail.


Message History

You are yanked forward by the harpoon shot.
Splash!
The spriggan rider hits you with a +0 spear!
* * * LOW HITPOINT WARNING * * *
The thorn hunter hits you but does no damage.
The thorn hunter hits you.
* * * LOW HITPOINT WARNING * * *
The swamp worm completely misses you.
The ghost crab breathes spectral mist at you.
The spectral mist engulfs the spectral spriggan air mage but does no damage.
The spriggan rider barely misses you.
Unknown command.
Unknown command.
Unknown command.
Okay, then.
You feel much better.
You are engulfed in spectral mist.
The briar patch crumbles away. x2
The thorn hunter is engulfed in spectral mist.
The thorn hunter gestures.
The thorn hunter is engulfed in spectral mist.
The thorn hunter hits you but does no damage.
The thorn hunter closely misses you. The swamp worm bites you!
* * * LOW HITPOINT WARNING * * *
The spriggan rider completely misses you.
The thorn hunter is engulfed in spectral mist.
The thorn hunter hits you but does no damage. x2
Unknown command.
Unknown command.
Unknown command.
You feel much better.
You are engulfed in spectral mist.
The swamp worm bites you!!
* * * LOW HITPOINT WARNING * * *
You focus on the pain.
You feel very mighty all of a sudden. The swamp worm barely misses you.
The spriggan rider hits you with a +0 spear!
* * * LOW HITPOINT WARNING * * *
The thorn hunter is engulfed in spectral mist.
The thorn hunter closely misses you. The thorn hunter hits you!
You die...

≈≈≈ ≈≈≈§≈≈≈.♣♣♣...≈.≈[.
≈≈≈≈t.≈≈≈.≈≈≈.≈♣..≈≈≈≈≈≈
.≈≈≈Z.≈w≈.≈≈≈≈♣♣♣....≈≈≈
...≈.t♣..[≈≈≈. ♣≈≈♣♣♣≈≈≈
...≈§.°....$ ♣♣♣♣♣♣♣♣.
♣≈.≈§t.°≈≈♣ ♣♣.♣♣ ♣. ♣≈○Z♣♣≈♣♣
♣≈§.♣ ♣≈ ♣♣♣♣fiw≈♣ ♣♣...♣♣♣≈
♣≈≈Z.@wZ♣ ♣♣♣≈...≈♣♣.
♣♣♣..≈≈≈≈.♣[ ♣≈≈≈≈≈§≈.≈♣
♣≈..≈PP.≈PPP♣♣..≈≈≈≈≈..♣
♣♣♣♣...≈≈PP≈.P♣♣♣♣♣.≈≈≈≈.≈♣
♣♣≈♣♣...≈≈≈≈≈♣♣♣ ♣≈≈.§≈≈.≈.
♣.≈≈≈≈.≈.≈≈≈♣♣ ♣≈..≈≈≈≈..
♣§≈≈....≈≈≈.♣♣♣ ♣♣...≈≈.♣♣
♣♣♣≈.♣♣♣..≈≈.♣♣≈♣♣♣♣♣♣≈♣♣§..≈♣
♣....≈≈≈≈≈≈≈≈♣♣♣.≈≈...≈♣..≈≈.≈


You could see a thorn hunter, a spriggan rider, a ghost crab, a spectral
spriggan berserker (summoned), a spectral spriggan air mage (summoned), a
spectral fenstrider witch (summoned) and 2 swamp worms.

Vanquished Creatures
  Jorgrun (Orc:2)
  Rupert (Lair:4)
  A thorn hunter (Swamp:3)
  Gastronok (Lair:3)
  The ghost of brob1 the Warrior, a journeyman MiBe of Trog (Swamp:1)
  A frost giant (D:15)
  3 eleionomae
  Azrael (Orc:2)
  A minotaur (Lair:3)
  3 bunyips
  The ghost of maxonian the Fighter, a journeyman PaWr of Nemelex Xobeh (Lair:4)
  An ettin (Orc:1)
  The ghost of Cylozxuq the Spear-Bearer, a journeyman OpFi of Gozag (Lair:5)
  2 fire dragons
  Josephine (D:11)
  Fannar (Orc:1)
  A vault guard (D:13)
  18 hydras
  6 boulder beetles
  An ogre mage (D:15)
  A centaur warrior (D:15)
  A ghost crab (Swamp:3)
  8 alligators
  14 two-headed ogres
  2 tengu warriors (D:15)
  Nergalle (D:12)
  Urug (Lair:3)
  A dancing weapon (Swamp:1)
  6 orc high priests (Orc:2)
  A fire crab (Lair:5)
  A spriggan druid (Swamp:3)
  A goliath frog (Swamp:3)
  3 swamp dragons
  11 orc knights
  2 deep elf pyromancers
  A phantasmal warrior (D:13)
  2 will-o-the-wisps
  3 cyclopes
  7 ugly things
  An ice statue (Lair:4)
  35 elephants
  7 manticores
  A torpor snail (Lair:5)
  5 black mambas
  2 yaktaurs (D:15)
  17 cane toads
  A gargoyle (D:13)
  A freezing wraith (Lair:4)
  9 komodo dragons
  4 rime drakes
  An ice devil (D:8)
  2 guardian mummies (D:12)
  A bloated husk (Swamp:3)
  3 polar bears
  A polar bear (shapeshifter) (D:13)
  7 trolls
  8 tyrant leeches
  8 hornets
  6 slime creatures (D:12)
  29 blink frogs
  9 dream sheep (Lair:6)
  Sigmund (D:6)
  2 shadows
  A centaur simulacrum (D:15)
  A vampire (D:11)
  4 wyverns (D:10)
  7 spriggans
  49 yaks
  4 wraiths
  3 fire elementals
  3 basilisks
  A hog (shapeshifter) (D:13)
  4 steam dragons
  Grum (D:9)
  12 vampire mosquitoes
  Menkaure (D:7)
  5 swamp worms
  19 water moccasins
  4 acid dragons
  A naga (Lair:3)
  3 hell hounds
  42 orc warriors
  10 ice beasts
  2 sky beasts
  2 swamp drakes
  5 ogres
  19 wolves
  4 boggarts (D:15)
  8 centaurs
  The ghost of 101zpm the Shield-Bearer, an amateur GrFi (D:3)
  Blork the orc (D:4)
  3 kobold brigands (D:9)
  2 gnoll sergeants
  26 bullfrogs
  4 scorpions
  2 water moccasin skeletons
  6 killer bees (D:9)
  3 howler monkeys
  5 electric eels
  12 wights
  A bullfrog zombie (D:6)
  4 centaur zombies
  2 gnoll shamans
  A hound (D:4)
  Crazy Yiuf (D:5)
  26 orc priests
  A jelly (D:6)
  2 iguanas (D:10)
  13 orc wizards
  2 hell rats (Lair:6)
  A hound skeleton (D:5)
  4 howler monkey zombies
  13 gnolls
  8 adders
  7 river rats
  3 white imps
  An ufetubus (D:4)
  A worm (D:3)
  2 dart slugs (D:2)
  88 orcs
  5 endoplasms
  8 goblins
  6 hobgoblins
  12 kobolds
  3 quokkas
  2 ball pythons
  6 bats
  2 frilled lizards
  5 rats
785 creatures vanquished.

Vanquished Creatures (others)
  An ugly thing (D:8)
  An orc warrior (Orc:2)
  7 foxfires
  38 fungi
  139 plants
186 creatures vanquished.

Grand Total: 971 creatures vanquished

Notes
Turn   | Place    | Note
-------+----------+-------------------------------------------
     0 | D:1      | McKennaii the Demonspawn Conjurer began the quest for the
                  | Orb.
     0 | D:1      | Reached XP level 1. HP: 13/13 MP: 3/3
   538 | D:1      | Gained mutation: You are partially covered in rugged brown
                  | scales. (AC +1, +3% HP) [demonic ancestry]
   538 | D:1      | Reached XP level 2. HP: 13/19 MP: 1/5
   649 | D:1      | Found a faded altar of an unknown god.
  1500 | D:2      | Reached skill level 5 in Conjurations
  1500 | D:2      | Gained mutation: Spells you cast may paralyse adjacent
                  | enemies. [demonic ancestry]
  1500 | D:2      | Reached XP level 3. HP: 24/24 MP: 3/6
  2110 | D:2      | Got the Volume of the Ghastly Oath
  2313 | D:3      | Found a stormy altar of Qazlal.
  2378 | D:3      | Gained mutation: You sometimes gain a little power by
                  | taking damage. [demonic ancestry]
  2378 | D:3      | Reached XP level 4. HP: 30/30 MP: 3/7
  2395 | D:3      | Identified the +9 spear "Forun" {venom, Int+7 Dex-4}
  2705 | D:3      | Found a runed translucent door.
  2705 | D:3      | Noticed 101zpm's ghost (amateur GrFi)
  2790 | D:3      | Learned a level 2 spell: Searing Ray
  2795 | D:3      | Learned a level 4 spell: Iskenderun's Mystic Blast
  2806 | D:3      | Found Qebeypu's Jewellery Shop.
  2978 | D:3      | Found a runed translucent door.
  3175 | D:3      | Killed 101zpm's ghost
  3176 | D:3      | Reached skill level 6 in Conjurations
  3176 | D:3      | Reached XP level 5. HP: 10/36 MP: 0/9
  3733 | D:4      | Found a shadowy altar of Dithmenos.
  3764 | D:4      | Gained mutation: You have a small tail. [demonic ancestry]
  3764 | D:4      | Reached XP level 6. HP: 42/42 MP: 4/11
  3885 | D:4      | Found a broken altar of Ashenzari.
  3948 | D:4      | Saw a vision of the Swamp and the Snake Pit.
  3948 | D:4      | Noticed a black mamba
  3948 | D:4      | Noticed a goliath frog
  3948 | D:4      | Noticed a naga
  3948 | D:4      | Noticed an alligator
  3948 | D:4      | Noticed an anaconda
  3948 | D:4      | Noticed a salamander
  3948 | D:4      | Noticed a goliath frog
  3949 | D:4      | Noticed a naga warrior
  3954 | D:4      | Noticed a will-o-the-wisp
  4180 | D:4      | Noticed Blork the orc
  4188 | D:4      | Killed Blork the orc
  4335 | D:4      | Found a shimmering blue altar of Sif Muna.
  4336 | D:4      | Found an opulent altar of Gozag.
  4350 | D:4      | Identified the +3 chain mail "Emnodwu" {Will+ Str+3 Dex-4}
  4465 | D:4      | Found a staircase to the Ecumenical Temple.
  4516 | Temple   | Entered the Ecumenical Temple
  4537 | Temple   | Became a worshipper of Vehumet
  4813 | D:5      | Entered Level 5 of the Dungeon
  4907 | D:5      | Found an ancient bone altar of Kikubaaqudgha.
  5077 | D:5      | Gained mutation: You are mostly covered in rugged brown
                  | scales. (AC +2, +5% HP) [demonic ancestry]
  5077 | D:5      | Reached XP level 7. HP: 26/49 MP: 1/14
  5267 | D:5      | Reached skill level 7 in Conjurations
  5346 | D:5      | Reached skill level 1 in Fighting
  5346 | D:5      | Reached skill level 1 in Polearms
  5417 | D:5      | Reached skill level 5 in Spellcasting
  6261 | D:5      | Found a runed translucent door.
  6262 | D:5      | Noticed Crazy Yiuf
  6267 | D:5      | Killed Crazy Yiuf
  6274 | D:5      | Identified the +7 mace of Context {vorpal, rElec rC- Will+
                  | Int+4}
  6507 | D:6      | Noticed Sigmund
  6514 | D:6      | Killed Sigmund
  6515 | D:6      | Gained mutation: You sometimes gain power by taking damage.
                  | [demonic ancestry]
  6515 | D:6      | Reached XP level 8. HP: 51/56 MP: 5/16
  6585 | D:6      | Found a transporter.
  6744 | D:6      | Noticed an angel
  6775 | D:6      | Found a transporter.
  6800 | D:6      | Reached skill level 8 in Conjurations
  7548 | D:6      | Found a blossoming altar of Fedhas.
  8183 | D:7      | Reached skill level 9 in Conjurations
  8542 | D:7      | Gained mutation: Spells you cast may paralyse nearby
                  | enemies. [demonic ancestry]
  8542 | D:7      | Reached XP level 9. HP: 60/64 MP: 12/19
  8618 | D:7      | Reached * piety under Vehumet
  8618 | D:7      | Offered knowledge of Freeze by Vehumet.
  8818 | D:7      | Noticed Menkaure
  8825 | D:7      | Killed Menkaure
  9466 | D:8      | Reached skill level 10 in Conjurations
  9606 | D:8      | Noticed a two-headed ogre
  9611 | D:8      | Noticed a manticore
  9616 | D:8      | Killed a two-headed ogre
  9623 | D:8      | Killed a manticore
  9624 | D:8      | Reached skill level 11 in Conjurations
  9624 | D:8      | Reached XP level 10. HP: 8/73 MP: 10/22
 10070 | D:8      | Offered knowledge of Scorch by Vehumet.
 10163 | D:8      | Noticed a boulder beetle
 10202 | D:8      | Reached ** piety under Vehumet
 10334 | D:8      | Noticed a deep elf pyromancer
 10341 | D:8      | Killed a deep elf pyromancer
 10566 | D:8      | Noticed a white ugly thing
 10587 | D:8      | Killed a white ugly thing
 10643 | D:8      | Learned a level 4 spell: Airstrike
 11282 | D:9      | Reached skill level 1 in Air Magic
 11416 | D:9      | Noticed Grum
 11419 | D:9      | Reached skill level 12 in Conjurations
 11721 | D:9      | Reached skill level 10 in Spellcasting
 11725 | D:9      | Killed Grum
 11945 | D:9      | Gained mutation: You are powered by pain. [demonic
                  | ancestry]
 11945 | D:9      | Reached XP level 11. HP: 78/78 MP: 16/25
 12292 | D:9      | Noticed a two-headed ogre
 12292 | D:9      | Noticed a two-headed ogre
 12308 | D:9      | Killed a two-headed ogre
 12312 | D:9      | Killed a two-headed ogre
 12490 | D:9      | Offered knowledge of Stone Arrow by Vehumet.
 12500 | D:9      | Learned a level 3 spell: Stone Arrow
 12658 | D:9      | Noticed a two-headed ogre
 12676 | D:9      | Killed a two-headed ogre
 12677 | D:9      | Reached skill level 1 in Earth Magic
 12753 | D:9      | Reached *** piety under Vehumet
 14125 | D:8      | Killed a boulder beetle
 14408 | D:10     | Entered Level 10 of the Dungeon
 14572 | D:10     | Reached skill level 5 in Air Magic
 14687 | D:10     | Found Dimmoas's Magic Scroll Boutique.
 14701 | D:10     | Bought a scroll of magic mapping for 45 gold pieces
 14701 | D:10     | Bought a scroll of enchant armour for 97 gold pieces
 14701 | D:10     | Bought a scroll of enchant weapon for 97 gold pieces
 14701 | D:10     | Bought a scroll of blinking for 97 gold pieces
 14701 | D:10     | Bought a scroll of identify for 26 gold pieces
 14701 | D:10     | Bought a scroll of identify for 26 gold pieces
 14701 | D:10     | Bought a scroll of identify for 26 gold pieces
 14701 | D:10     | Bought a scroll of identify for 26 gold pieces
 14761 | D:10     | Found a staircase to the Lair.
 14781 | D:10     | Reached skill level 13 in Conjurations
 15078 | D:10     | Offered knowledge of Flame Wave by Vehumet.
 15177 | D:10     | Noticed a two-headed ogre
 15184 | D:10     | Killed a two-headed ogre
 16293 | Lair:1   | Entered Level 1 of the Lair of Beasts
 16303 | Lair:1   | Learned a level 4 spell: Flame Wave
 16307 | Lair:1   | Learned a level 3 spell: Swiftness
 16324 | Lair:1   | Noticed a seven-headed hydra
 16330 | Lair:1   | Killed a seven-headed hydra
 16331 | Lair:1   | Reached XP level 12. HP: 85/85 MP: 8/27
 16917 | Lair:1   | Noticed a seven-headed hydra
 16921 | Lair:1   | Killed a seven-headed hydra
 16922 | Lair:1   | Noticed a four-headed hydra
 16928 | Lair:1   | Killed a four-headed hydra
 17148 | Lair:1   | Reached **** piety under Vehumet
 17233 | Lair:1   | Offered knowledge of Yara's Violent Unravelling by Vehumet.
 17392 | Lair:1   | Reached skill level 5 in Earth Magic
 17976 | Lair:2   | Noticed an eight-headed hydra
 17980 | Lair:2   | Killed an eight-headed hydra
 18557 | Lair:2   | Identified the +2 chain mail of Happy Babbling {rElec rN+
                  | Str-3}
 18738 | D:5      | Identified the +5 short sword of Abuse {pain, rF+}
 18972 | Lair:2   | Reached skill level 14 in Conjurations
 19222 | Lair:3   | Noticed Gastronok
 19231 | Lair:3   | Killed Gastronok
 19415 | Lair:3   | Found a staircase to the Snake Pit.
 19478 | Lair:3   | Reached XP level 13. HP: 60/90 MP: 11/29
 19701 | Lair:3   | Reached ***** piety under Vehumet
 20074 | Lair:3   | Offered knowledge of Ozocubu's Refrigeration by Vehumet.
 20083 | Lair:3   | Learned a level 7 spell: Ozocubu's Refrigeration
 20143 | Lair:3   | Found a staircase to the Swamp.
 20190 | Lair:3   | Noticed Urug
 20197 | Lair:3   | Killed Urug
 20308 | Lair:3   | Noticed a minotaur
 20325 | Lair:3   | Noticed maxonian's ghost (journeyman PaWr)
 20334 | Lair:3   | Found a runed translucent gate.
 20334 | Lair:3   | Found a runed translucent gate.
 20334 | Lair:3   | Found a runed translucent gate.
 21309 | Lair:4   | Noticed Rupert
 22877 | Lair:4   | Paralysed by Rupert for 2 turns
 22879 | Lair:4   | Killed Rupert
 23277 | Lair:5   | Noticed Cylozxuq's ghost (journeyman OpFi)
 23434 | Lair:5   | Found a runed translucent gate.
 23435 | Lair:5   | Found a runed translucent gate.
 23436 | Lair:5   | Found a runed translucent gate.
 23584 | Lair:5   | Found a sparkling altar of Nemelex Xobeh.
 23699 | Lair:5   | Reached skill level 15 in Conjurations
 24112 | Lair:6   | Entered Level 6 of the Lair of Beasts
 24461 | Lair:6   | Gained mutation: You are completely covered in rugged brown
                  | scales. (AC +3, +7% HP) [demonic ancestry]
 24461 | Lair:6   | Reached XP level 14. HP: 90/99 MP: 16/31
 25014 | Lair:6   | Offered knowledge of Iron Shot by Vehumet.
 26322 | Lair:6   | Found a staircase to the Slime Pits.
 26758 | Lair:5   | Reached skill level 10 in Air Magic
 26765 | Lair:5   | Learned a level 6 spell: Iron Shot
 27078 | Lair:6   | Offered knowledge of Orb of Destruction by Vehumet.
 28177 | Lair:5   | Reached skill level 16 in Conjurations
 28511 | Lair:5   | Killed Cylozxuq's ghost
 28687 | Lair:4   | Killed maxonian's ghost
 29276 | D:11     | Found a staircase to the Orcish Mines.
 29736 | D:11     | Reached XP level 15. HP: 94/104 MP: 26/33
 29806 | D:11     | Noticed Josephine
 29810 | D:11     | Killed Josephine
 29811 | D:11     | Reached skill level 10 in Earth Magic
 30298 | Orc:1    | Entered Level 1 of the Orcish Mines
 30526 | Orc:2    | Entered Level 2 of the Orcish Mines
 30687 | Orc:2    | Noticed Jorgrun
 31002 | Orc:2    | Killed Jorgrun
 31204 | Orc:2    | Found a staircase to the Elven Halls.
 31462 | Orc:1    | Offered knowledge of Freezing Cloud by Vehumet.
 31462 | Orc:1    | Noticed Fannar
 31571 | Orc:2    | Learned a level 5 spell: Freezing Cloud
 31695 | Orc:1    | Killed Fannar
 32597 | Orc:2    | Noticed Azrael
 32985 | D:12     | Noticed Nergalle
 32987 | D:12     | Killed Nergalle
 33361 | D:12     | Reached skill level 17 in Conjurations
 33444 | D:12     | Reached skill level 15 in Spellcasting
 33861 | D:12     | Found a portal to a secret trove of treasure.
 35123 | D:13     | Found a gate to the Vaults.
 35808 | D:14     | Found an ornate altar of the Wu Jian Council.
 36237 | D:14     | Found a hide-covered altar of Uskayaw.
 36314 | D:15     | Entered Level 15 of the Dungeon
 36327 | D:15     | Offered knowledge of Spellforged Servitor by Vehumet.
 36906 | D:15     | Found a snail-covered altar of Cheibriados.
 37714 | D:15     | Found a staircase to the Depths.
 37714 | D:15     | Noticed a frost giant
 37717 | D:15     | Killed a frost giant
 38237 | D:15     | Reached XP level 16. HP: 104/111 MP: 10/35
 38239 | D:15     | Reached skill level 18 in Conjurations
 38897 | Orc:2    | Killed Azrael
 40017 | Orc:2    | Reached skill level 1 in Ice Magic
 40318 | Orc:2    | Found Rafeph's Antique Armour Shoppe.
 40321 | Orc:2    | Found Ujer's Antique Weapon Emporium.
 40322 | Orc:2    | Found Rarehes's Distillery.
 40323 | Orc:2    | Found Oxuoxumi's Weapon Shoppe.
 40326 | Orc:2    | Bought a potion of curing for 42 gold pieces
 40326 | Orc:2    | Bought a potion of heal wounds for 70 gold pieces
 40326 | Orc:2    | Bought a potion of ambrosia for 112 gold pieces
 40326 | Orc:2    | Bought a potion of mutation for 112 gold pieces
 40326 | Orc:2    | Bought a potion of flight for 42 gold pieces
 40333 | Orc:2    | Bought a pair of runed boots for 210 gold pieces
 40342 | Orc:2    | Bought a potion of invisibility for 112 gold pieces
 40342 | Orc:2    | Bought a potion of invisibility for 112 gold pieces
 40344 | Orc:2    | Bought an encrusted hand crossbow for 229 gold pieces
 40344 | Orc:2    | Identified the +3 hand crossbow of Watchfulness {penet,
                  | *Slow rElec Will+++} (You bought it in a shop on level 2 of
                  | the Orcish Mines)
 40543 | Swamp:1  | Entered Level 1 of the Swamp
 41332 | Swamp:1  | Identified the +8 broad axe of Darkness {protect, *Rage
                  | Int+5}
 41392 | Swamp:1  | Found a runed translucent door.
 41394 | Swamp:1  | Found a shimmering altar of Xom.
 41394 | Swamp:1  | Noticed brob1's ghost (journeyman MiBe)
 41490 | Swamp:1  | Killed brob1's ghost
 41506 | Swamp:1  | Identified the +9 long sword of Certain Death {pain, Will+}
 41790 | Swamp:2  | Offered knowledge of Lightning Bolt by Vehumet.
 42091 | Swamp:1  | Learned a level 5 spell: Lightning Bolt
 43082 | Swamp:3  | Noticed a thorn hunter
 43086 | Swamp:3  | Killed a thorn hunter
 43834 | Swamp:3  | Noticed a thorn hunter
 43842 | Swamp:3  | Slain by a thorn hunter

Illustrated notes

Levels and vault maps discovered:
D:1:      roderic_octagonal_star, layout_loops_corners,
          hellmonk_ecumenical_altar_inner_sanctum, minmay_ruptured
D:2:      layout_basic
D:3:      layout_rooms, nicolae_qazlal_eye_of_the_storm, serial_shops,
          shop_fountains, ebering_ghost_sewer_f
D:4:      layout_loops_ring, grunt_ashenzari_visionary
          [grunt_ashenzari_visionary_swamp, grunt_ashenzari_visionary_snake],
          grunt_dithmenos_smoke, mainiacjoe_overflow_divided_tiny,
          minmay_temple_entry_drinking_statues, due_unseen_surprise,
          uniq_blork_the_orc
D:5:      layout_basic, lemuel_tele_altar, uniq_crazy_yiuf_cottage
D:6:      gammafunk_steamed_eel, layout_rooms, zin_angel,
          mainiacjoe_overflow_surrounded_room, minmay_misc_feat_iff,
          uniq_sigmund
D:7:      layout_loops_ring, uniq_menkaure
D:8:      layout_basic, serial_park_tiny_pond, st_stairs_11,
          dilly_guarded_unrand_elemental_staff
D:9:      minmay_polygon_palace, layout_basic, uniq_grum
D:10:     layout_basic, minmay_lair_entry_grove, serial_shops,
          nicolae_shop_window_shopping, hangedman_decor_slide_cut,
          minmay_misc_feat_ornament
D:11:     layout_cave_pools, orc_0_dummy, uniq_josephine
D:12:     layout_roguey, nicolae_trove_entry_path_of_doom, uniq_nergalle
D:13:     layout_gridville, david_vaults_4
D:14:     layout_cave_pools, nicolae_uskayaw_dance_hall,
          hangedman_abyss_or_decor_stagger, nicolae_wu_jian_immortal_techniques
D:15:     grunt_enter_depths_snipers, layout_stronghold, minmay_misc_feat_room,
          cheibriados_altar_1
Temple:   eino_narrow_crystal_temple
Lair:1:   layout_chaotic_city, lemuel_fruit_tree, grunt_megastairs_4
Lair:2:   layout_hall_layers, chequers_serial_rivers_large_b,
          infiniplex_staircase_pool, grunt_megastairs_5, serial_bayou_shore_b
Lair:3:   layout_small_grid, swamp_mist_pool, guppyfry_snake_entry_garden,
          maelrawn_ghost_gauntlet_escape, grunt_megastairs_3, uniq_urug,
          uniq_gastronok
Lair:4:   layout_cave_pods, hangedman_lair_unloving_vines, ice2_lemuel,
          uniq_rupert
Lair:5:   layout_hall_layers, basic_altar, gammafunk_ghost_split,
          serial_bayou_shore_b
Lair:6:   minmay_lair_end_frog_pond, layout_cellular_growth, slime_dummy,
          kennysheep_rathole
Swamp:1:  layout_basic_swamp, ebering_ghost_xom, evilmike_swamp_ruin_house_6
Swamp:2:  layout_basic_swamp, evilmike_swamp_ruin_house_4
Swamp:3:  layout_basic_swamp, hangedman_swamp_lotus, swamp_pool2,
          nicolae_swamp_alligator_family
Orc:1:    layout_diamond_mine, mines2_lemuel, uniq_fannar
Orc:2:    st_orc_pillars, layout_caves, basic_altar, uniq_azrael, uniq_jorgrun

Skill      XL: |  1  2  3  4  5  6  7  8  9 10 11 12 13 14 15 16 |
---------------+-------------------------------------------------+-----
Conjurations   | 5 6 7 9 11 12 13 14 15 16 17 18 | 18.6
Spellcasting   | 3 4 5 6 8 10 11 12 13 14 15 16 | 16.7
Fighting       | 1 2 3 |  3.0
Polearms       | 2 3 |  3.0
Dodging        | 2 4 |  4.7
Air Magic      | 3 5 7 9 10 | 10.0
Earth Magic    | 4 6 8 9 10 | 10.0
Ice Magic      | 4 |  4.1
Stealth        | |  1.7
Unarmed Combat | |  0.1
Translocations | |  0.3

Action                   |  1- 3 |  4- 6 |  7- 9 | 10-12 | 13-15 | 16-18 || total
-------------------------+-------+-------+-------+-------+-------+-------++-------
Melee: Unarmed           |     3 |       |       |       |       |       ||     3
       Spear             |       |    19 |    37 |     9 |       |       ||    65
       Tailslap          |       |       |     4 |    10 |    17 |       ||    31
       Staff             |       |       |       |    49 |    56 |     1 ||   106
       Punch             |       |       |       |     1 |       |       ||     1
 Cast: Magic Dart        |    51 |   108 |   111 |    71 |       |       ||   341
       Searing Ray       |       |     9 |    38 |    89 |     1 |       ||   137
       Iskenderun's Myst |       |       |     7 |    80 |   102 |    53 ||   242
       Stone Arrow       |       |       |       |    97 |   672 |   215 ||   984
       Airstrike         |       |       |       |     6 |    44 |     4 ||    54
       Flame Wave        |       |       |       |     6 |    18 |       ||    24
       Swiftness         |       |       |       |       |     1 |       ||     1
       Iron Shot         |       |       |       |       |    55 |    36 ||    91
       Lightning Bolt    |       |       |       |       |       |     1 ||     1
       Freezing Cloud    |       |       |       |       |       |     1 ||     1
Evoke: Wand              |       |       |     1 |    10 |     5 |       ||    16
  Use: Scroll            |       |       |    11 |    10 |     7 |       ||    28
       Potion            |       |       |       |       |       |     2 ||     2
 Stab: Paralysed         |       |     2 |     7 |     9 |     5 |       ||    23
Armor: Robe              |     1 |     8 |     4 |    56 |   159 |    31 ||   259
       Steam dragon scal |       |       |     3 |    25 |       |       ||    28
Dodge: Dodged            |     5 |    11 |    27 |   127 |   220 |    61 ||   451
